 Dungeon Crawl Stone Soup version 0.26-a0-639-g72c4674329 (webtiles) character file.

Game seed: 1020441973216246041

327 Borgoz the Cudgeler (level 6, -12/37 HPs)
             Began as a Gargoyle Gladiator on Sept 17, 2020.
             Mangled by a mummy (14 damage)
             ... in an ossuary.
             The game lasted 00:06:49 (3410 turns).

Borgoz the Cudgeler (Gargoyle Gladiator)            Turns: 3410, Time: 00:06:50

Health: -12/37     AC:  9    Str: 18 (19) XL:     6   Next: 50%
Magic:  6/6        EV: 12    Int: 12 (14) God:
Gold:   229        SH:  5    Dex: 11 (12) Spells: 5/5 levels left

rFire    . . .     SeeInvis .   a - +0 flail
rCold    . . .     Faith    .   (no shield)
rNeg     + . .     Spirit   .   f - +0 ring mail
rPois    ∞         Reflect  +   (helmet restricted)
rElec    +         Harm     .   (no cloak)
rCorr    .         Rampage  .   (no gloves)
MR       .....                  (no boots)
Stlth    +.........             h - amulet of reflection
HPRegen  0.12/turn              n - +6 ring of intelligence
MPRegen  0.10/turn              (no ring)

@: no status effects
A: antennae 1, talons 1, negative energy resistance 1, electricity resistance,
unbreathing, petrification resistance, rot immunity, AC +4
a: no special abilities


You were in an ossuary.
You visited 1 branch of the dungeon, and saw 4 of its levels.
You also visited: Sewer and Ossuary.

You collected 229 gold pieces.

Inventory:

Hand Weapons
 a - a +0 flail (weapon)
Armour
 c - a +0 helmet
 f - a +0 ring mail (worn)
 o - a +0 kite shield
Jewellery
 g - an uncursed ring of positive energy
 h - an amulet of reflection (around neck)
 n - a +6 ring of intelligence (left hand)
Wands
 d - a wand of iceblast (7)
Scrolls
 b - a scroll of fear
 i - a scroll of fog
 l - a scroll of enchant armour
 m - a scroll of enchant weapon
 p - 4 scrolls of remove curse
 r - a scroll of blinking {unknown}
Potions
 j - a potion of lignification
 q - 2 potions of curing
 s - a potion of flight


   Skills:
 + Level 3.4 Fighting
 * Level 4.7 Maces & Flails
 - Level 1.7 Throwing
 + Level 2.5 Armour
 * Level 3.9 Dodging


You had 5 spell levels left.
You didn't know any spells.
Your spell library contained the following spells:

 Spells                   Type           Power        Failure   Level
 Animate Skeleton         Necr           #.....       50%         1
 Apportation              Tloc           #.....       50%         1
 Corona                   Hex            #......      50%         1
 Summon Small Mammal      Summ           #...         50%         1


Dungeon Overview and Level Annotations

Branches:
Dungeon (4/15)              Sewer (visited)         Ossuary (1/1)
 Temple: D:4-7

Altars:
Fedhas


Innate Abilities, Weirdness & Mutations

You are resistant to torment.
Your stone body is resilient. (AC +4)
You are immune to poison.
You resist negative energy. (rN+)
You are resistant to electric shocks. (rElec)
You can survive without breathing.
You are immune to petrification.
You are immune to rotting.
You have a pair of small antennae on your head.
You have sharp toenails.


Message History

The mummy closely misses you. The mummy hits you but does no damage.
The mummy closely misses you.
You hit the mummy.
The mummy is heavily damaged.
You block the mummy's attack.
You hit the mummy. You claw the mummy, but do no damage.
The mummy is heavily damaged.
You block the mummy's attack. The mummy barely misses you.
You sock the mummy! You claw the mummy.
You destroy the mummy!
The mummy closely misses you. You block the mummy's attack.
You hit the mummy. You claw the mummy, but do no damage.
The mummy is lightly damaged.
The mummy hits you!
* * * LOW HITPOINT WARNING * * *
The mummy barely misses you.
You barely miss the mummy. Your kick misses the mummy.
The mummy is lightly damaged.
The mummy completely misses you. The mummy hits you!
You die...

#######
#.#.#.#
#.@M..#
##.M.##
#.∩.#
#...#
#.∩.#
#...#
##+##


You could see 2 mummies.

Vanquished Creatures
  A crocodile (Sewer)
  A howler monkey (D:3)
  Ijyb (D:3)
  Terence (D:3)
  A mummy (Ossuary)
  2 adders
  3 gnolls
  2 river rats (D:3)
  2 worms (D:2)
  2 dart slugs
  An orc (D:3)
  2 ball pythons
  10 bats
  4 giant cockroaches
  11 goblins
  4 hobgoblins (D:1)
  15 jackals
  2 quokkas (D:3)
  A frilled lizard (D:1)
  10 kobolds
  5 rats
81 creatures vanquished.

Notes
Turn   | Place    | Note
-------+----------+-------------------------------------------
     0 | D:1      | Borgoz the Gargoyle Gladiator began the quest for the Orb.
     0 | D:1      | Reached XP level 1. HP: 12/12 MP: 1/1
    96 | D:1      | Reached XP level 2. HP: 10/17 MP: 2/2
  1197 | D:1      | Reached XP level 3. HP: 22/22 MP: 3/3
  1321 | D:1      | Reached skill level 1 in Armour
  1539 | D:2      | Reached XP level 4. HP: 27/27 MP: 4/4
  1807 | D:2      | Found a blossoming altar of Fedhas.
  2004 | D:3      | Noticed Terence
  2043 | D:3      | Killed Terence
  2043 | D:3      | Reached XP level 5. HP: 17/32 MP: 5/5
  2090 | D:3      | Reached skill level 4 in Maces & Flails
  2405 | D:3      | Found a glowing drain.
  2438 | Sewer    | Entered a sewer
  2636 | Sewer    | Noticed a crocodile
  2667 | Sewer    | Gained mutation: You have a pair of small antennae on your
                  | head. [potion of mutation]
  2667 | Sewer    | Gained mutation: You have sharp toenails. [potion of
                  | mutation]
  2673 | Sewer    | Killed a crocodile
  2673 | Sewer    | Reached XP level 6. HP: 12/37 MP: 6/6
  2686 | Sewer    | Got a fabulously ornate robe
  2878 | Sewer    | Identified the +2 robe of the Sun {+Blink rElec MR- Int+7}
                  | (You found it in a sewer)
  2939 | D:3      | Noticed Ijyb
  2949 | D:3      | Killed Ijyb
  3386 | D:4      | Found a sand-covered staircase.
  3396 | Ossuary  | Entered an ossuary
  3410 | Ossuary  | Mangled by a mummy

Illustrated notes

Levels and vault maps discovered:
D:1:      ebering_hopf_link, layout_basic, minmay_octomino_c4
D:2:      layout_rooms, fedhas_altar_2
D:3:      layout_rooms, portal_sewer_entry_e, uniq_terence, uniq_ijyb
D:4:      layout_basic, lightli_ossuary_entry_decrepit_ruins
Ossuary:  ossuary_minmay_chase

Skill      XL: |  1  2  3  4  5 |
---------------+----------------+-----
Armour         | 1 2 |  2.5
Dodging        | 3 |  3.9
Fighting       | 3 |  3.4
Maces & Flails | 4 |  4.7
Throwing       | |  1.7

Action                   |  1- 3 |  4- 6 || total
-------------------------+-------+-------++-------
Melee: Flail             |    82 |   213 ||   295
       Kick              |       |     6 ||     6
Throw: Throwing net      |       |     3 ||     3
  Use: Scroll            |       |    12 ||    12
       Potion            |       |     6 ||     6
 Stab: Held in net/web   |       |     2 ||     2
Armor: Leather armour    |    15 |       ||    15
       Ring mail         |    35 |   155 ||   190
Dodge: Dodged            |    73 |   205 ||   278
Block: Other             |     8 |    83 ||    91
       Reflection        |       |     1 ||     1

Table legend: (Time is in decaauts)
 A = Elapsed time spent in this place.
 B = Non-inter-level travel time spent in this place.
 C = Inter-level travel time spent in this place.
 D = Time resting spent in this place.
 E = Time spent auto-exploring this place.
 F = Levels seen in this place.
 G = Mean time per level.
                   A        B        C        D        E       F      G
               +--------+--------+--------+--------+--------+-----+--------+
         Total |   3493 |   3421 |     72 |    607 |   1918 |   6 |  582.2 |
       Dungeon |   2990 |   2918 |     72 |    474 |   1714 |   4 |  747.5 |
         Sewer |    487 |    487 |      0 |    133 |    204 |   1 |  487.0 |
       Ossuary |     15 |     15 |      0 |      0 |      0 |   1 |   15.0 |
               +--------+--------+--------+--------+--------+-----+--------+

Top non-repeatable levels by time:
     D:1: 1545 daAuts
     D:3: 766 daAuts
   Sewer: 487 daAuts
     D:2: 481 daAuts
     D:4: 197 daAuts
 Ossuary: 15 daAuts
